Map: Pylon LE

Players

GGI

  • Race: Zerg Zerg
  • League: Master
  • Spawn Location: 11:00

EnUU - Winner!

  • Race: Terran Terran
  • League: Master
  • Spawn Location: 5:00

VOD

Have the link to the VOD?

Description

Time

  • Played on: July 7, 2025, 3:47 a.m.
  • Length: 17:54
Show
View Real Time Build Order
Export as new Build Order

GGI Zerg 

Build Orders: Hatch First, Lurkers 

Get SALT Encoding   

  12  0:00  Drone  
  13  0:12  Overlord  
  13  0:17  Drone  
  14  0:31  Drone x2  
  16  0:38  Drone  
  17  0:49  Hatchery  
  16  0:54  Drone  
  18  0:57  Drone  
  18  1:08  Extractor  
  17  1:11  Spawning Pool  
  17  1:14  Drone  
  17  1:18  Drone  
  18  1:28  Drone  
  19  1:41  Drone  
  20  1:51  Overlord  
  20  1:59  Queen  
  20  2:01  Queen  
  22  2:02  Zergling x4  
  22  2:08  Metabolic Boost  
  26  2:11  Drone  
  26  2:13  Drone  
  28  2:23  Drone x2  
  30  2:34  Hatchery  
  29  2:40  Queen  
  31  2:45  Overlord  
  31  2:47  Drone  
  31  2:49  Drone  
  33  2:57  Drone x3  
  36  3:04  Overlord  
  36  3:11  Overlord  
  36  3:13  Drone x3  
  39  3:20  Queen  
  41  3:29  Drone  
  42  3:36  Drone  
  43  3:42  Drone  
  43  3:45  Drone x3  
  43  3:46  Drone x2  
  49  3:48  Extractor, Queen  
  50  3:58  Drone x2  
  50  3:59  Drone x4  
  56  4:05  Evolution Chamber  
  56  4:06  Evolution Chamber  
  56  4:07  Drone x2  
  56  4:14  Zergling x2  
  56  4:15  Zergling x8  
  61  4:21  Spore Crawler  
  61  4:22  Spore Crawler  
  59  4:24  Spore Crawler  
  59  4:28  Baneling Nest  
  59  4:29  Drone x2  
  59  4:38  Overlord  
  59  4:39  Drone x4  
  59  4:40  Drone x2  
  59  4:44  Zerg Melee Weapons Level 1  
  65  4:47  Drone  
  65  4:48  Overlord x2  
  66  4:57  Zerg Ground Armor Level 1  
  66  5:01  Hatchery  
  66  5:04  Drone x2  
  66  5:05  Drone x2  
  70  5:07  Drone x4  
  70  5:08  Drone  
  70  5:11  Extractor  
  73  5:16  Lair  
  73  5:25  Baneling x2  
  73  5:35  Drone x2  
  73  5:36  Drone x3  
  73  5:39  Extractor  
  73  5:40  Zergling x4  
  73  5:41  Zergling x8  
  81  5:58  Drone x4  
  81  5:59  Drone x2  
  81  6:01  Extractor  
  81  6:02  Extractor  
  85  6:05  Drone  
  86  6:18  Overseer  
  86  6:21  Centrifugal Hooks  
  86  6:23  Drone x2  
  86  6:24  Drone x4, Hydralisk Den  
  91  6:27  Overlord x4  
  91  6:29  Zergling x10  
  91  6:30  Baneling x5  
  91  6:31  Baneling x2  
  96  6:38  Zerg Missile Weapons Level 1  
  95  6:59  Overseer  
  77  7:29  Queen  
  77  7:32  Grooved Spines  
  77  7:35  Drone x3  
  77  7:36  Drone x3  
  85  7:39  Drone x6  
  85  7:40  Drone x11  
  102  7:46  Queen  
  104  7:56  Overlord x3  
  104  7:57  Hydralisk x3  
  110  8:00  Extractor  
  110  8:01  Zerg Ground Armor Level 2, Extractor  
  110  8:02  Infestation Pit  
  107  8:07  Hatchery  
  107  8:12  Hydralisk x10  
  108  8:15  Overlord x2  
  126  8:22  Muscular Augments  
  126  8:29  Hydralisk  
  126  8:30  Hydralisk x8  
  141  8:42  Zergling x2  
  141  8:43  Zergling x16  
  141  8:48  Infestor x2  
  150  8:55  Zergling x10  
  159  9:13  Zergling x2  
  159  9:14  Zergling x14  
  159  9:15  Hatchery  
  159  9:16  Overlord x6  
  166  9:21  Baneling x11  
  166  9:22  Baneling x5  
  166  9:29  Zerg Missile Weapons Level 2  
  166  9:30  Hive  
  166  9:33  Drone  
  166  9:36  Drone x6  
  166  9:37  Drone x2  
  175  9:42  Zergling x2  
  175  9:43  Hydralisk x2, Zergling x8  
  184  9:55  Hydralisk  
  184  9:56  Hydralisk x4  
  182  10:13  Hydralisk  
  161  10:14  Hydralisk x6  
  161  10:15  Zergling x18  
  182  10:25  Infestor  
  182  10:26  Infestor x3  
  184  10:31  Zergling x2  
  184  10:32  Zergling x8  
  177  10:41  Hydralisk x6  
  179  10:47  Hydralisk  
  179  10:48  Hydralisk x3  
  177  10:53  Baneling  
  177  10:54  Baneling x3  
  177  10:55  Baneling  
  177  10:56  Zergling x6  
  177  10:57  Zergling x2  
  181  10:59  Extractor x2  
  179  11:11  Drone x3  
  182  11:12  Drone x3  
  182  11:15  Hydralisk x6  
  182  11:16  Hydralisk  
  195  11:20  Baneling x8  
  195  11:21  Baneling  
  176  11:35  Zergling x2  
  176  11:36  Zergling x26  
  173  11:46  Zergling x26  
  143  12:05  Ultralisk Cavern, Zerg Missile Weapons Level 3, Zerg Ground Armor Level 3  
  134  12:08  Hydralisk  
  134  12:09  Hydralisk x6, Lurker Den  
  138  12:18  Hydralisk x5  
  138  12:22  Drone x9  
  153  12:24  Extractor  
  153  12:25  Extractor  
  151  12:39  Zergling x2  
  151  12:40  Zergling x24, Hatchery  
  163  12:55  Hydralisk x11  
  185  13:08  Adaptive Talons  
  185  13:10  Lurker  
  185  13:11  Lurker x6  
  192  13:19  Baneling  
  191  13:20  Baneling x12  
  146  13:36  Zergling x2  
  146  13:37  Zergling x34  
  146  13:38  Zergling x18  
  151  13:42  Lurker  
  151  13:43  Lurker x6  
  151  13:44  Lurker x2  
  160  13:55  Hydralisk x10  
  162  14:02  Baneling x8  
  178  14:05  Seismic Spines  
  167  14:17  Unknown  
  167  14:24  Hydralisk x13  
  152  14:25  Hydralisk x2  
  150  14:40  Chitinous Plating  
  150  14:43  Zergling x2  
  150  14:44  Zergling x34  
  162  14:48  Drone  
  163  15:07  Baneling x10  
  163  15:08  Baneling x11  
  163  15:10  Zerg Melee Weapons Level 2  
  163  15:14  Lurker x7  
  164  15:21  Ultralisk  
  176  15:23  Zergling x24  
  176  15:24  Zergling x2  
  176  15:28  Lurker x3  
  192  15:31  Hydralisk x2  
  183  15:51  Hydralisk  
  183  15:52  Hydralisk x9  
  198  15:59  Anabolic Synthesis  
  196  16:04  Baneling  
  196  16:05  Baneling x20  
  196  16:06  Baneling x2  
  186  16:20  Ultralisk x2  
  173  16:28  Ultralisk  
  173  16:30  Zergling x2  
  173  16:31  Zergling x14  
  169  16:45  Ultralisk x2  
  172  16:48  Zergling x2  
  172  16:49  Zergling x8  
  170  16:58  Drone x3  
  170  16:59  Drone x2  
  160  17:03  Ultralisk  
  160  17:06  Zergling x6  
  160  17:07  Zergling x2  
  156  17:15  Drone x2  
  156  17:16  Drone x4  
  137  17:26  Zergling x2  
  137  17:27  Zergling x10  
Show
View Real Time Build Order
Export as new Build Order

EnUU Terran - Winner!

Build Orders: Reaper Expand, Hellion Banshee 

Get SALT Encoding   

  12  0:00  SCV  
  13  0:12  SCV  
  14  0:16  Supply Depot  
  14  0:25  SCV  
  15  0:38  SCV  
  15  0:40  Barracks  
  16  0:43  Refinery  
  16  0:50  SCV  
  17  1:02  SCV  
  18  1:14  SCV  
  19  1:27  Orbital Command  
  19  1:28  Reaper  
  20  1:40  Command Center  
  20  1:47  Supply Depot  
  20  1:53  SCV  
  22  2:05  SCV  
  23  2:10  Factory  
  23  2:14  Marine  
  23  2:21  SCV  
  24  2:33  Barracks Reactor, SCV  
  25  2:45  Command Center, SCV  
  26  2:55  Orbital Command  
  26  2:58  Starport  
  26  3:02  SCV  
  27  3:14  SCV  
  27  3:17  Barracks Tech Lab, Hellion x2  
  32  3:21  SCV  
  32  3:26  SCV  
  34  3:33  SCV  
  35  3:39  Hellion x2  
  38  3:42  SCV  
  38  3:47  SCV  
  40  3:49  Refinery  
  40  3:50  Refinery  
  40  3:51  Banshee  
  40  3:52  Refinery  
  40  3:54  SCV  
  44  3:57  Orbital Command  
  44  4:00  SCV  
  44  4:02  Hellion  
  47  4:05  Hellion  
  47  4:09  SCV  
  50  4:16  SCV  
  51  4:21  SCV  
  51  4:22  Orbital Command  
  51  4:24  Hellion  
  54  4:26  Hellion  
  54  4:28  SCV  
  54  4:31  Factory x2  
  57  4:33  SCV  
  57  4:36  Banshee  
  61  5:00  Supply Depot x2  
  61  5:03  Cloaking Field  
  61  5:09  Factory  
  61  5:11  Hellion x2, SCV x3  
  61  5:12  Factory  
  68  5:19  Factory Tech Lab x2  
  68  5:23  SCV  
  68  5:25  SCV x2  
  71  5:35  Engineering Bay, Hellion x2, SCV  
  76  5:36  Banshee  
  79  5:43  SCV x2  
  79  5:49  Armory x2  
  81  5:50  Supply Depot  
  81  5:52  Mag-Field Accelerator  
  81  5:53  Infernal Pre-Igniter  
  81  5:57  SCV  
  81  5:58  SCV  
  81  5:59  Factory Tech Lab  
  81  6:03  SCV  
  84  6:04  Factory Tech Lab  
  84  6:10  Supply Depot, SCV  
  85  6:13  Supply Depot  
  85  6:15  Cyclone  
  88  6:23  Cyclone  
  88  6:25  SCV  
  91  6:34  Cyclone x2  
  91  6:37  Terran Vehicle Weapons Level 1, Supply Depot  
  91  6:38  SCV  
  91  6:39  SCV  
  99  6:44  Refinery  
  99  6:56  Refinery, Cyclone x2  
  99  6:58  Hellion x2  
  99  7:00  SCV x2  
  111  7:03  Supply Depot  
  111  7:08  Supply Depot  
  108  7:17  Cyclone x2  
  108  7:19  Hellion x2  
  108  7:22  SCV x3  
  113  7:30  Cyclone x2  
  113  7:35  Supply Depot  
  119  7:41  Command Center  
  119  7:43  SCV x3  
  122  7:46  Terran Vehicle And Ship Armor Level 1  
  122  7:48  Hellion  
  122  7:49  Cyclone, Hellion  
  129  7:52  Hellion  
  129  7:55  SCV x2  
  129  7:57  Supply Depot  
  129  7:58  SCV  
  134  8:00  Sensor Tower  
  134  8:03  Cyclone  
  134  8:04  Hellion  
  139  8:07  SCV x2  
  139  8:11  Supply Depot  
  141  8:19  Raven, Hellion x2, SCV x2  
  149  8:25  Supply Depot  
  149  8:32  Sensor Tower  
  149  8:33  Cyclone x2, SCV  
  156  8:47  Cyclone, Hellion x3  
  165  8:52  Neosteel Armor, Supply Depot  
  165  8:53  Factory  
  165  8:57  Factory  
  165  9:05  Cyclone, Hellion  
  165  9:06  Refinery  
  170  9:14  Cyclone, Hellion x2  
  177  9:17  Refinery  
  177  9:20  Supply Depot  
  177  9:25  Planetary Fortress  
  177  9:26  SCV x3  
  177  9:27  Sensor Tower  
  180  9:32  Command Center  
  180  9:34  Supply Depot  
  180  9:35  Cyclone  
  180  9:37  Cyclone  
  180  9:38  Factory Reactor, SCV  
  187  9:42  Factory Tech Lab, Cyclone  
  187  9:44  SCV x2  
  192  9:49  Cyclone  
  192  9:50  SCV  
  196  9:56  Hellion, SCV  
  188  10:11  Hellion x2, Cyclone x2  
  141  10:14  Terran Vehicle And Ship Armor Level 2, Terran Vehicle Weapons Level 2, Cyclone  
  134  10:23  Cyclone, Hellion x3  
  136  10:32  Cyclone  
  129  10:40  Hellion  
  131  10:43  Cyclone, Siege Tank  
  131  10:45  Hellion  
  131  10:48  Hellion, Cyclone  
  131  10:49  Hellion, SCV x3  
  141  10:51  SCV  
  141  10:55  Command Center, Cyclone  
  145  11:00  Command Center  
  145  11:07  SCV  
  145  11:08  Supply Depot  
  145  11:09  Cyclone  
  145  11:10  Hellion x2  
  153  11:14  Factory  
  153  11:15  Cyclone  
  157  11:25  Siege Tank x2  
  157  11:26  Hellion x2  
  157  11:27  Siege Tank  
  146  11:42  Cyclone, Hellion  
  146  11:43  Hellion  
  142  11:47  Cyclone  
  142  11:51  Hellion  
  142  11:52  Hellion  
  128  11:57  Cyclone  
  128  11:58  Cyclone  
  128  11:59  Cyclone  
  129  12:08  Hellion x2  
  129  12:14  Cyclone  
  125  12:20  Orbital Command  
  125  12:25  Orbital Command  
  125  12:27  Raven  
  125  12:29  Hellion x2, Cyclone x2  
  141  12:30  Hellion x2  
  141  12:33  Factory  
  141  12:39  Planetary Fortress  
  141  12:40  SCV x4  
  141  12:42  Terran Vehicle And Ship Armor Level 3, Terran Vehicle Weapons Level 3  
  141  12:43  Hellion  
  149  12:44  Hellion  
  149  12:47  SCV  
  149  12:49  Refinery  
  149  12:50  Refinery  
  150  12:55  Factory Reactor  
  150  12:56  Hellion x3  
  150  12:57  Cyclone, Hellion  
  161  13:01  Cyclone  
  161  13:02  Cyclone  
  161  13:04  SCV x2  
  169  13:11  Cyclone  
  172  13:13  Raven  
  172  13:15  Hellion  
  172  13:17  Hellion  
  175  13:30  Cyclone  
  153  13:39  Cyclone  
  112  13:43  Siege Tank  
  112  13:44  Hellion  
  112  13:45  Hellion x2  
  112  13:48  Cyclone x2  
  124  13:49  Hellion x2, SCV  
  124  13:50  SCV x2  
  124  13:52  Factory Tech Lab  
  124  13:54  SCV x2  
  136  13:58  Command Center  
  136  14:00  Command Center  
  136  14:02  Cyclone  
  139  14:09  Hellion x2, Sensor Tower  
  145  14:10  Hellion x2  
  145  14:11  Cyclone  
  145  14:12  Raven, SCV  
  145  14:15  Siege Tank  
  156  14:23  Siege Tank x2  
  133  14:35  Siege Tank x2  
  133  14:36  Hellion  
  133  14:37  Hellion x5  
  145  14:44  Siege Tank  
  144  14:48  Missile Turret, Hellion  
  146  14:55  Thor, Siege Tank  
  146  14:58  Factory  
  155  15:02  Hellion x3  
  161  15:07  Siege Tank  
  161  15:10  Sensor Tower  
  161  15:11  Missile Turret  
  161  15:12  Siege Tank  
  167  15:15  Hellion  
  169  15:22  Orbital Command  
  169  15:26  Sensor Tower  
  169  15:40  SCV x2  
  169  15:42  Siege Tank x3  
  166  15:43  Siege Tank  
  166  15:44  Factory Tech Lab  
  166  15:45  Hellion x3  
  166  15:46  Hellion x2  
  179  16:01  Liberator  
  182  16:09  Starport  
  180  16:22  Cyclone x2  
  180  16:23  Hellion, Cyclone, Siege Tank x3  
  180  16:24  Hellion x2  
  173  16:42  Thor  
  164  16:49  Hellion x4  
  172  16:54  Thor  
  163  17:03  Hellion x4  
  163  17:17  Hellion x2  
  163  17:18  Hellion x5  
  174  17:28  Hellion x2  
Tags
 
Add a new tag
Caveats
  • Supply blocks, unpowered buildings, or Contaminate may cause inaccurate times.
  • Supply counts are checked every 10 seconds.